 Dungeon Crawl Stone Soup version 0.21.0 (webtiles) character file.

163 Faca the Shield-Bearer (level 5, 0/43 HPs)
             Began as a Formicid Fighter on Jan 6, 2018.
             Slain by an iguana (5 damage)
             ... on level 4 of the Dungeon.
             The game lasted 00:05:00 (2397 turns).

Faca the Shield-Bearer (Formicid Fighter)           Turns: 2397, Time: 00:05:00

Health: 0/43       AC:  7    Str: 21    XL:     5   Next: 73%
Magic:  0/5        EV:  8    Int:  7    God:
Gold:   216        SH: 10    Dex: 11    Spells: 4/4 levels left

rFire    . . .     SeeInvis +   a - +1 war axe
rCold    . . .     Gourm    .   c - +0 shield
rNeg     . . .     Faith    .   b - +0 scale mail
rPois    .         Spirit   +   (helmet unavailable)
rElec    .         Reflect  .   (no cloak)
rCorr    .         Harm     .   (no gloves)
MR       .....                  (no boots)
Stlth    ..........             j - amulet of guardian spirit
HPRegen  0.14/turn              p - ring of flight
MPRegen  0.09/turn              (no ring)

@: no status effects
A: permanent stasis, dig shafts and tunnels, four strong arms, antennae 3
a: Dig, Shaft Self, Evoke Flight


You were on level 4 of the Dungeon.
You were not hungry.

You visited 1 branch of the dungeon, and saw 4 of its levels.

You collected 216 gold pieces.

Inventory:

Hand Weapons
 a - a +1 war axe (weapon)
Armour
 b - a +0 scale mail (worn)
 c - a +0 shield (worn)
Jewellery
 j - an amulet of guardian spirit (around neck)
 p - a ring of flight (left hand)
Scrolls
 e - 2 scrolls of remove curse
 k - a scroll of blinking {unknown}
 n - a scroll of amnesia {unknown}
Potions
 d - a potion of might
 g - a potion of flight {unknown}
 i - 3 potions of curing
 m - a potion of brilliance {unknown}
 o - 2 potions of ambrosia
Comestibles
 f - 7 rations


   Skills:
 + Level 4.3 Fighting
 * Level 3.3 Axes
 + Level 4.2 Armour
 - Level 0.2 Dodging
 + Level 4.7 Shields


You had 4 spell levels left.
You didn't know any spells.

Dungeon Overview and Level Annotations

Branches:
Dungeon (4/15)
 Temple: D:4-7

Altars:
Dithmenos
Kikubaaqudgha
Makhleb
Wu Jian


Innate Abilities, Weirdness & Mutations

You cannot be hasted, slowed, berserked, paralysed or teleported.
You can dig through walls and to a lower floor.
Your four strong arms can wield two-handed weapons with a shield.
You have a pair of large antennae on your head. (SInv)


Message History

You hit the iguana.
The iguana is almost dead.
You block the iguana's attack.
You barely miss the iguana.
The iguana is almost dead.
The iguana barely misses you.
You hit the iguana.
The iguana is almost dead.
You block the iguana's attack. The iguana bites you!
* * * LOW HITPOINT WARNING * * *
You barely miss the iguana.
The iguana is almost dead.
You block the iguana's attack.
You closely miss the iguana.
The iguana is almost dead.
You block the iguana's attack.
You barely miss the iguana.
The iguana is almost dead.
The iguana bites you.
You die...

#.# #.##.# #.?
#.##.# ... #.##.#
#.# #.##.# #.#
#.#.##.# #.#
#.#.##.# #.#
#.#.##l# #.#######
#.#.##@# ........#
#.....#.#
.##.###.###.#.##.##
..........†...# ##
###.###.......# #.#
#####.#.# #.#
#.#........ #.#
#.######### #.# #.#


You could see an iguana.

Vanquished Creatures
  An orc wizard (D:4)
  2 worker ants (D:4)
  2 gnolls (D:1)
  6 dart slugs
  2 leopard geckos
  4 orcs
  2 ball pythons
  5 giant cockroaches
  4 goblins
  6 hobgoblins
  3 kobolds
  2 quokkas
  5 bats
  A frilled lizard (D:1)
  7 rats
52 creatures vanquished.

Notes
Turn   | Place    | Note
-------+----------+-------------------------------------------
     0 | D:1      | Faca the Formicid Fighter began the quest for the Orb.
     0 | D:1      | Reached XP level 1. HP: 18/18 MP: 1/1
   120 | D:1      | Reached XP level 2. HP: 12/24 MP: 2/2
   440 | D:1      | Reached XP level 3. HP: 30/30 MP: 3/3
   944 | D:2      | Found an ornate altar of the Wu Jian Council.
   969 | D:2      | Reached XP level 4. HP: 37/37 MP: 4/4
  1501 | D:3      | Found a shadowy altar of Dithmenos.
  1554 | D:3      | Found an ancient bone altar of Kikubaaqudgha.
  1965 | D:3      | Found a burning altar of Makhleb.
  1965 | D:3      | Noticed a blizzard demon
  1968 | D:3      | Noticed a smoke demon
  1968 | D:3      | Noticed a hellwing
  2210 | D:4      | Reached XP level 5. HP: 34/42 MP: 2/5
  2397 | D:4      | Slain by an iguana

Skill      XL: |  1  2  3  4 |
---------------+-------------+-----
Shields        | 4 |  4.7
Fighting       | 4 |  4.3
Axes           | 3 |  3.3
Armour         | 4 |  4.2
Dodging        | |  0.2

Action                   |  1- 3 |  4- 6 || total
-------------------------+-------+-------++-------
Melee: War axe           |    60 |   111 ||   171
  Use: Scroll            |     5 |     3 ||     8
       Potion            |       |     1 ||     1
  Eat: Chunk             |       |     3 ||     3
       Ration            |       |     1 ||     1
Armor: Scale mail        |    29 |    43 ||    72
Dodge: Dodged            |    17 |    37 ||    54
Block: Shield            |    31 |    56 ||    87
